 Dungeon Crawl Stone Soup version 0.30-b1-2-g02819fbbbe (webtiles) character file.

Game seed: 13252980237301634922

49 Arcadio the Vexing (level 3, -2/27 HPs)
             Began as a Demonspawn Enchanter on May 12, 2023.
             Slain by an orc priest
             ... wielding a +0 mace
              (9 damage)
             ... on level 3 of the Dungeon.
             The game lasted 00:03:16 (1876 turns).

Arcadio the Vexing (Demonspawn Enchanter)           Turns: 1876, Time: 00:03:17

Health: -2/27      AC:  3    Str:  8    XL:     3   Next: 51%
Magic:  6/6        EV: 12    Int: 16    God:
Gold:   64         SH:  0    Dex: 15    Spells: 1/6 levels left

rFire   . . .        a - +1 dagger
rCold   . . .        (no shield)
rNeg    . . .        b - +0 robe
rPois   .            (no helmet)
rElec   .            (no cloak)
rCorr   .            (no gloves)
SInv    .            i - +0 pair of boots
Will    .....        (no amulet)
Stlth   ++           l - ring of flight
HPRegen 0.24/turn    (no ring)
MPRegen 0.10/turn

%: no passive effects
@: flying
A: weakness stinger 1
a: no special abilities


You were on level 3 of the Dungeon.
You visited 1 branch of the dungeon, and saw 3 of its levels.

You collected 64 gold pieces.

Inventory:

Hand Weapons
 a - a +1 dagger (weapon)
Armour
 b - a +0 robe (worn)
 i - a +0 pair of boots (worn)
Jewellery
 l - a ring of flight (left hand)
Scrolls
 d - a scroll of blinking {unknown}
 g - a scroll of magic mapping {unknown}
 j - 2 scrolls of teleportation {unknown}
 m - 2 scrolls of amnesia
 n - a scroll of noise {unknown}
 p - a scroll of enchant armour {unknown}
 q - a scroll of torment {unknown}
Potions
 c - 2 potions of invisibility
 e - 2 potions of heal wounds
 h - a potion of might
 k - a potion of mutation
 o - a potion of haste


   Skills:
 + Level 1.7 Fighting
 + Level 1.9 Short Blades
 + Level 2.4 Dodging
 - Level 2.6 Stealth
 - Level 2.0 Spellcasting
 - Level 3.0 Hexes


You had one spell level left.
You knew the following spells:

 Your Spells              Type           Power      Damage    Failure   Level
a - Ensorcelled Hibernat  Hex/Ice        12%        N/A       17%         2
b - Confusing Touch       Hex            11%        N/A       19%         3

Your spell library contained the following spells:

 Spells                   Type           Power      Damage    Failure   Level
 Tukima's Dance           Hex            11%        N/A       19%         3
 Dazzling Flash           Conj/Hex       12%        N/A       32%         3


Dungeon Overview and Level Annotations

Branches:
Dungeon (3/15) Zot: 16135

Altars:

Shops:
D:1 :


Innate Abilities, Weirdness & Mutations

You have a small tail.


Message History

k - a potion of mutation
As you read the scroll of identify, it crumbles to dust.
o - a potion of haste
As you read the scroll of identify, it crumbles to dust.
m - 2 scrolls of amnesia An orc priest comes into view.
It is wielding a +0 mace.
There is a stone staircase leading down here. 2 orcs come into view.
The orc priest shouts!
The orc shouts!
You hear a shout!
A hobgoblin comes into view.
The orc priest completely misses you.
You closely miss the orc priest. You tail-slap the orc priest.
The orc priest is lightly wounded.
The orc priest hits you with a +0 mace!
You hit the orc priest but do no damage.
The orc priest is lightly wounded.
The orc priest hits you with a +0 mace. The orc misses you.
The orc priest attacks as you move away!
The orc priest barely misses you.
You barely miss the orc priest.
Your tail-slap misses the orc priest.
The orc priest is lightly wounded.
The orc priest barely misses you.
You barely miss the orc priest.
The orc priest is lightly wounded.
The orc priest hits you with a +0 mace.
You hit the orc priest but do no damage.
You tail-slap the orc priest.
The orc priest is heavily wounded.
The orc priest barely misses you.
You hit the orc priest but do no damage.
The orc priest is heavily wounded.
The orc priest hits you with a +0 mace.
The orc priest attacks as you move away!
The orc priest closely misses you.
There is a stone staircase leading down here.
The orc priest attacks as you move away!
The orc priest hits you with a +0 mace.
The orc priest attacks as you move away!
The orc priest hits you with a +0 mace!
You die...

.. #.# #.# #.#
#.### # #$..#####
##. #.......##
###...####........#
........ogo.o@<...#
###....####.#.....#
##.#. #.##....# ..
#. #.###....# ## #g
#.# #...... #. ..#
##...### #. .##
#.## #. . .#


You could see an orc priest, 2 orcs and a hobgoblin.

Vanquished Creatures
  2 worms (D:2)
  2 dart slugs (D:1)
  3 bats
  5 endoplasms
  A giant cockroach (D:2)
  3 goblins
  6 hobgoblins
  2 quokkas (D:1)
  3 ball pythons
  2 kobolds (D:1)
  7 rats
36 creatures vanquished.

Notes
Turn   | Place    | Note
-------+----------+-------------------------------------------
     0 | D:1      | Arcadio the Demonspawn Enchanter began the quest for the
                  | Orb.
     0 | D:1      | Reached XP level 1. HP: 13/13 MP: 3/3
    36 | D:1      | Reached skill level 1 in Short Blades
   134 | D:1      | Noticed a walking crystal tome
   138 | D:1      | Found Saasas's Book Shoppe.
   140 | D:1      | Noticed a walking frostbound tome
   168 | D:1      | Gained mutation: You have a small tail. [demonic ancestry]
   168 | D:1      | Reached XP level 2. HP: 20/20 MP: 5/5
   245 | D:1      | Reached skill level 1 in Fighting
   829 | D:1      | Reached XP level 3. HP: 23/26 MP: 6/6
  1369 | D:2      | Learned a level 2 spell: Ensorcelled Hibernation
  1373 | D:2      | Learned a level 3 spell: Confusing Touch
  1693 | D:2      | Found a faded altar of an unknown god.
  1876 | D:3      | Slain by an orc priest

Illustrated notes

Levels and vault maps discovered:
D:1:      minmay_arrival_four_houses, layout_loops_corners, serial_shops,
          nicolae_shop_mannequins, minivault_24, serial_park_tiny_pond
D:2:      layout_loops_ring, dilly_ecumenical_altar_fadedgnrine
D:3:      layout_loops_ring, serial_shops, shop_fountains

Skill      XL: |  1  2 |
---------------+-------+-----
Short Blades   | 1 |  1.9
Dodging        | 2 |  2.4
Fighting       | 1 |  1.7
Stealth        | |  2.6
Spellcasting   | |  2.0
Hexes          | |  3.0

Action                     || total
---------------------------++-------
  Melee: Dagger            ||   134
         Tailslap          ||    19
    Use: Scroll            ||     4
   Stab: Sleeping          ||     5
 Armour: Robe              ||    30
  Dodge: Dodged            ||    81
